 Dungeon Crawl Stone Soup version 0.32-a0-893-gf85d74f360 (webtiles) character file.

Game seed: 16049045804704045030

1295 GiantSquids the Skirmisher (level 8, -6/50 HPs)
             Began as a Coglin Hunter on Apr 3, 2024.
             Was a Priest of Hepliaklqana.
             Mangled by Duvessa
             ... wielding a +2 short sword of protection
              (8 damage)
             ... on level 5 of the Dungeon on Apr 4, 2024.
             The game lasted 00:07:25 (4139 turns).

GiantSquids the Skirmisher (Coglin Hunter)          Turns: 4139, Time: 00:07:25

Health: -6/50      AC:  4    Str: 12    XL:     8   Next: 56%
Magic:  8/8        EV: 11    Int:  9    God:    Hepliaklqana [***...]
Gold:   200        SH:  0    Dex: 19    Spells: 7/7 levels left

rFire   . . .        a - +2 sling {Hajoon}
rCold   . . .        d - +0 sling {Doyun}
rNeg    . . .        c - +0 leather armour
rPois   .            (no helmet)
rElec   .            (no cloak)
rCorr   .            m - +0 pair of gloves
SInv    .            (no boots)
Will    .....        (amulet unavailable)
Stlth   ++           (ring unavailable)
HPRegen 0.28/turn    (ring unavailable)
MPRegen 0.11/turn    (no gizmo)

%: no passive effects
@: revved
A: reduced essence, off-hand wielding, slow wielding, warmup strikes, no
jewellery
a: Invent Gizmo, Renounce Religion, Recall Ancestor, Ancestor Identity,
Transference


You were on level 5 of the Dungeon.
You worshipped Hepliaklqana.
Hepliaklqana was most pleased with you.
You visited 1 branch of the dungeon, and saw 5 of its levels.

You collected 200 gold pieces.

Inventory:

Hand Weapons
 a - a +2 sling (weapon) {Hajoon}
 d - a +0 sling (offhand) {Doyun}
Armour
 c - a +0 leather armour (worn)
 k - the +1 leather armour of the Seven of Swords {rElec Will++ Slay-4}
   (You found it on level 2 of the Dungeon)

   Slay-4:    It affects your accuracy & damage with ranged weapons and melee
   (-4).
   rElec:     It insulates you from electricity.
   Will++:    It greatly increases your willpower.
 m - a +0 pair of gloves (worn)
Wands
 p - a wand of paralysis (11)
Scrolls
 b - a scroll of butterflies
 e - 2 scrolls of amnesia {unknown}
 f - 8 scrolls of identify {unknown}
 g - a scroll of revelation {unknown}
 j - 2 scrolls of poison {unknown}
 l - a scroll of teleportation {unknown}
 o - a scroll of blinking {unknown}
 q - a scroll of torment {unknown}
Potions
 h - 2 potions of curing {unknown}
 i - 2 potions of degeneration {unknown}
 n - 3 potions of mutation {unknown}
 r - a potion of brilliance {unknown}


   Skills:
 - Level 2.0 Fighting
 + Level 10.0 Ranged Weapons
 - Level 1.7 Dodging
 - Level 0.7 Stealth


You had 7 spell levels left.
You didn't know any spells.
Your spell library contained the following spells:

 Spells                   Type           Power      Damage    Failure   Level
 Ensorcelled Hibernation  Hex/Ice        0%         N/A       61%         2
 Passwall                 Erth           0%         N/A       83%         3
 Swiftness                Air            0%         N/A       83%         3


Dungeon Overview and Level Annotations

Branches:
Dungeon (5/15)
 Temple: D:4-7

Altars:
Dithmenos
Hepliaklqana
Okawaru
Vehumet

Annotations:
D:2 1 runed translucent door, Crazy Yiuf
D:3 2 runed translucent doors, PetalousPanoply's ghost, novice DjFE
D:5 Duvessa


Innate Abilities, Weirdness & Mutations

Your life essence is reduced to manifest your ancestor. (-10% HP)
You can wield a second weapon in your off-hand.
It takes a long time for you to wield or remove held weapons.
Your first few attacks do less damage.
You cannot equip rings or amulets.


Message History

You shoot a sling bullet.
The sling bullet hits Duvessa but does no damage.
Duvessa is heavily wounded.
Duvessa hits you with a +2 short sword of protection!
Duvessa closely misses you.
You shoot a sling bullet. The sling bullet hits Duvessa.
Duvessa is heavily wounded.
You shoot a sling bullet. The sling bullet hits Duvessa.
Duvessa is severely wounded.
Duvessa barely misses you.
You shoot a sling bullet. The sling bullet hits Duvessa.
Duvessa is severely wounded.
You shoot a sling bullet.
The sling bullet completely misses Duvessa.
Duvessa hits you with a +2 short sword of protection.
You shoot a sling bullet. The sling bullet barely misses Duvessa.
You shoot a sling bullet.
The sling bullet closely misses Duvessa.
Duvessa hits you with a +2 short sword of protection!
Duvessa hits you but does no damage.
You shoot a sling bullet. The sling bullet barely misses Duvessa.
You shoot a sling bullet.
The sling bullet closely misses Duvessa.
Duvessa hits you with a +2 short sword of protection.
You shoot a sling bullet.
The sling bullet closely misses Duvessa.
You shoot a sling bullet.
The sling bullet hits Duvessa but does no damage.
Duvessa is severely wounded.
Duvessa hits you with a +2 short sword of protection!
* * * LOW HITPOINT WARNING * * *
Duvessa barely misses you.
You shoot a sling bullet.
The sling bullet hits Duvessa but does no damage.
Duvessa is severely wounded.
You shoot a sling bullet.
The sling bullet closely misses Duvessa.
Duvessa hits you with a +2 short sword of protection!
You die...
Hepliaklqana delivers you to your ancestors.

#........#
....
#........#
....
#....♣...##
....
#..♣.♣....#
..
#..♣..♣...#
##.........#
#..........#
#............
#.@######....
##e# .... #.#
### #.# .)†
... .[. #....


You could see Duvessa (berserk).

Vanquished Creatures
  Blork the orc (D:5)
  2 scorpions (D:5)
  3 wights (D:4)
  Dowan (D:5)
  2 jellies (D:5)
  A bombardier beetle (D:4)
  3 hounds
  Jessica (D:2)
  7 gnolls
  2 adders (D:3)
  A shadow imp (D:5)
  A white imp (D:5)
  3 dart slugs
  2 ribbon worms (D:2)
  4 orcs
  8 endoplasms
  2 giant cockroaches
  8 goblins
  7 hobgoblins
  3 jackals (D:3)
  8 ball pythons
  A bat (D:2)
  3 frilled lizards
  6 kobolds
  9 rats
89 creatures vanquished.

Vanquished Creatures (collateral kills)
  Prince Ribbit (D:5)
  A scorpion (D:5)
  2 wights (D:4)
  2 bombardier beetles
  2 iguanas (D:5)
  2 adders (D:5)
  4 gnolls
  An endoplasm (D:2)
  A giant cockroach (D:3)
  A hobgoblin (D:3)
  A jackal (D:3)
18 creatures vanquished.

Vanquished Creatures (others)
  A knight (D:5)
1 creature vanquished.

Grand Total: 108 creatures vanquished

Notes
Turn   | Place    | Note
-------+----------+-------------------------------------------
     0 | D:1      | GiantSquids the Coglin Hunter began the quest for the Orb.
     0 | D:1      | Reached XP level 1. HP: 16/16 MP: 1/1
   130 | D:1      | Reached skill level 4 in Ranged Weapons
   130 | D:1      | Reached XP level 2. HP: 22/22 MP: 2/2
   132 | D:1      | Found a faded altar of an unknown god.
   165 | D:1      | Prayed at the altar of an unknown god.
   165 | D:1      | Became a worshipper of Hepliaklqana the Forgotten
   165 | D:1      | Reached * piety under Hepliaklqana
   326 | D:1      | Reached XP level 3. HP: 24/24 MP: 3/3
   773 | D:2      | Reached ** piety under Hepliaklqana
   774 | D:2      | Remembered your ancestor Fodd as a knight
   908 | D:2      | Reached skill level 5 in Ranged Weapons
   908 | D:2      | Reached XP level 4. HP: 29/29 MP: 4/4
   938 | D:2      | Identified the +1 leather armour of the Seven of Swords
                  | {rElec Will++ Slay-4}
   980 | D:2      | Noticed Jessica
   982 | D:2      | Killed Jessica
   997 | D:2      | Reached XP level 5. HP: 30/34 MP: 5/5
  1166 | D:2      | Found a runed translucent door.
  1167 | D:2      | Noticed Crazy Yiuf
  1588 | D:3      | Found a runed translucent door.
  1594 | D:3      | Noticed PetalousPanoply's ghost (novice DjFE)
  1665 | D:3      | Found a shadowy altar of Dithmenos.
  1708 | D:3      | Reached skill level 6 in Ranged Weapons
  1761 | D:3      | Found a radiant altar of Vehumet.
  2034 | D:3      | Found a runed translucent door.
  2043 | D:3      | Found an iron altar of Okawaru.
  2535 | D:4      | Reached XP level 6. HP: 37/39 MP: 6/6
  2582 | D:4      | Reached *** piety under Hepliaklqana
  2915 | D:4      | Reached skill level 7 in Ranged Weapons
  3055 | D:4      | Reached XP level 7. HP: 45/45 MP: 7/7
  3656 | D:5      | Entered Level 5 of the Dungeon
  3664 | D:5      | Reached skill level 8 in Ranged Weapons
  3676 | D:5      | Noticed Prince Ribbit
  3691 | D:5      | Killed Prince Ribbit
  3745 | D:5      | Reached XP level 8. HP: 50/50 MP: 8/8
  3756 | D:5      | Reached skill level 9 in Ranged Weapons
  3849 | D:5      | Noticed Blork the orc
  3853 | D:5      | Killed Blork the orc
  4111 | D:5      | Noticed Dowan
  4114 | D:5      | Noticed Duvessa
  4118 | D:5      | Killed Dowan
  4132 | D:5      | Reached skill level 10 in Ranged Weapons
  4138 | D:5      | HP: 2/50 [Duvessa/+2 short sword of protection (15)]
  4139 | D:5      | Mangled by Duvessa

Illustrated notes

Levels and vault maps discovered:
D:1:      lightli_molten_gateway, layout_basic,
          shapermc_ecumenical_altar_acropolis, minmay_pentomino_x2
D:2:      layout_loops_cross, uniq_jessica, uniq_crazy_yiuf_cottage
D:3:      layout_basic, mainiacjoe_overflow_boulevard, okawaru_gym_becter,
          mainiacjoe_overflow_catwalk, ebering_ghost_sewer_f,
          chequers_serial_rivers_room_b
D:4:      layout_layer_cave
D:5:      layout_rooms, hangedman_abyss_or_decor_stagger, chequers_garden,
          kennysheep_generic_room_15, uniq_prince_ribbit1, uniq_blork_the_orc,
          uniq_duvessa

Skill      XL: |  1  2  3  4  5  6  7  8 |
---------------+-------------------------+-----
Ranged Weapons | 4 5 6 7 8 10 | 10.0
Fighting       | |  2.0
Dodging        | |  1.7
Stealth        | |  0.7

Action                     |  1- 3 |  4- 6 |  7- 9 || total
---------------------------+-------+-------+-------++-------
   Fire: Sling             |   118 |   222 |   210 ||   550
 Invoke: Ancestor Life: Kn |     1 |       |       ||     1
 Armour: Leather armour    |     4 |    17 |    19 ||    40
  Dodge: Dodged            |     5 |     3 |    17 ||    25

Table legend: (Time is in decaauts)
 A = Elapsed time spent in this place.
 B = Non-inter-level travel time spent in this place.
 C = Inter-level travel time spent in this place.
 D = Time resting spent in this place.
 E = Time spent auto-exploring this place.
 F = Levels seen in this place.
 G = Mean time per level.
                   A        B        C        D        E       F      G
               +--------+--------+--------+--------+--------+-----+--------+
         Total |   4173 |   3994 |    179 |    115 |   3348 |   5 |  834.6 |
       Dungeon |   4173 |   3994 |    179 |    115 |   3348 |   5 |  834.6 |
               +--------+--------+--------+--------+--------+-----+--------+

Top non-repeatable levels by time:
     D:4: 1298 daAuts
     D:2: 858 daAuts
     D:3: 834 daAuts
     D:1: 702 daAuts
     D:5: 480 daAuts
